 Dungeon Crawl Stone Soup version 0.27.1-1-g398f81649c (webtiles) character file.

Game seed: 14610734094224248284

8838 Renzlar the Blocker (level 11, -3/89 HPs)
             Began as a Gnoll Fighter on Sept 9, 2021.
             Was a High Priest of Okawaru.
             Slain by a two-headed ogre (12 damage)
             ... on level 8 of the Dungeon.
             The game lasted 00:31:15 (9424 turns).

Renzlar the Blocker (Gnoll Fighter)                 Turns: 9424, Time: 00:31:16

Health: -3/89      AC: 16    Str: 18    XL:     11   Next: 37%
Magic:  19/20      EV: 12    Int:  7    God:    Okawaru [*****.]
Gold:   357        SH: 14    Dex: 13    Spells: 22/22 levels left

rFire    . . .     SeeInvis +   a - +1 war axe (flame)
rCold    . . .     Faith    .   e - +1 kite shield
rNeg     . . .     Spirit   .   u - +0 chain mail
rPois    +         Reflect  .   f - +0 helmet
rElec    .         Harm     .   l - +0 cloak
rCorr    .         Rampage  .   (no gloves)
Will     .....                  (no boots)
Stlth    ++........             (no amulet)
HPRegen  0.24/turn              F - ring of poison resistance
MPRegen  0.17/turn              x - ring of see invisible

@: heroic, invisible
A: fangs 1, strong nose, distributed training
a: Renounce Religion, Heroism, Finesse


You were on level 8 of the Dungeon.
You worshipped Okawaru.
Okawaru was extremely pleased with you.
You visited 2 branches of the dungeon, and saw 10 of its levels.

You collected 357 gold pieces.

Inventory:

Hand Weapons
 a - a +1 war axe of flaming (weapon)
 c - the +11 hunting sling of the Spectre {freeze, rC+ Str+5}
   (You found it on level 4 of the Dungeon)

   Any ammunition fired from it freezes those it strikes, dealing additional
   cold damage.
   It can also slow down cold-blooded creatures.
   Str:       It affects your strength (+5).
   rC:        It protects you from cold.
 I - a +3 spear of freezing
Missiles
 m - 178 stones
 t - 4 boomerangs (quivered)
 w - 29 bolts
 B - 11 poisoned darts
 H - 26 sling bullets
Armour
 e - a +1 kite shield (worn)
 f - a +0 helmet (worn)
 l - a +0 cloak (worn)
 u - a +0 chain mail (worn)
 y - the +3 leather armour "Meicuy" {Str+4 Slay+3}
   (You found it on level 5 of the Dungeon)

   Str:       It affects your strength (+4).
   Slay:      It affects your accuracy & damage with ranged weapons and melee
   (+3).
Jewellery
 b - a ring of flight
 k - a ring of wizardry
 x - a ring of see invisible (right hand)
 F - a ring of poison resistance (left hand)
 G - a +4 ring of protection
Wands
 h - a wand of flame (10)
 n - a wand of mindburst (38)
 q - a wand of charming (8)
 A - a wand of iceblast (10)
Scrolls
 r - a scroll of silence
 s - 4 scrolls of teleportation
 v - 2 scrolls of fog
 C - a scroll of brand weapon
Potions
 d - a potion of might
 g - a potion of mutation
 i - a potion of flight {unknown}
 j - 2 potions of magic
 p - a potion of invisibility
 z - 2 potions of cancellation
 D - a potion of curing {unknown}
 E - a potion of lignification {unknown}


   Skills:
 + Level 9.1(14.1) Fighting
 + Level 6.2(11.2) Short Blades
 + Level 6.2(11.2) Long Blades
 + Level 7.8(12.8) Axes
 + Level 6.2(11.2) Maces & Flails
 + Level 6.2(11.2) Polearms
 + Level 6.2(11.2) Staves
 + Level 6.2(11.2) Slings
 + Level 6.2(11.2) Bows
 + Level 6.2(11.2) Crossbows
 + Level 6.2(11.2) Throwing
 + Level 9.1(14.1) Armour
 + Level 6.2(11.2) Dodging
 + Level 6.2(11.2) Stealth
 + Level 9.1(14.1) Shields
 + Level 6.2(11.2) Unarmed Combat
 + Level 6.2 Spellcasting
 + Level 5.1 Conjurations
 + Level 5.1 Hexes
 + Level 5.1 Summonings
 + Level 5.1 Necromancy
 + Level 5.1 Translocations
 + Level 5.1 Transmutations
 + Level 5.1 Fire Magic
 + Level 5.1 Ice Magic
 + Level 5.1 Air Magic
 + Level 5.1 Earth Magic
 + Level 5.1 Poison Magic
 + Level 6.8 Invocations
 + Level 6.2 Evocations


You had 22 spell levels left.
You didn't know any spells.
Your spell library contained the following spells:

 Spells                   Type           Power      Damage    Failure   Level
 Beastly Appendage        Tmut           18%        N/A       22%         1
 Sandblast                Erth           18%        2d7       22%         1
 Slow                     Hex            9%         N/A       34%         2
 Wereblood                Tmut           9%         N/A       34%         2
 Call Canine Familiar     Summ           9%         N/A       56%         3
 Confusing Touch          Hex            9%         N/A       56%         3
 Portal Projectile        Hex/Tloc       18%        N/A       56%         3
 Spider Form              Tmut/Pois      4%         N/A       56%         3
 Leda's Liquefaction      Hex/Erth       4%         N/A       92%         4
 Iskenderun's Battlesphe  Conj           9%         2d6       99%         5
 Yara's Violent Unravell  Hex/Tmut       4%         3d4       99%         5
 Iron Shot                Conj/Erth      4%         9d2       100%        6
 Spellforged Servitor     Conj/Summ      4%         N/A       100%        7


Dungeon Overview and Level Annotations

Branches:
Dungeon (9/15)             Temple (1/1) D:4
   Lair: D:8-11         Orc: D:9-12

Altars:
Ashenzari
Cheibriados
Dithmenos
Elyvilon
Fedhas
Gozag
Hepliaklqana
Kikubaaqudgha
Makhleb
Nemelex Xobeh
Okawaru
Qazlal
Ru
Sif Muna
Trog
Uskayaw
Vehumet
Wu Jian
Xom
Yredelemnul
Zin
The Shining One
Jiyva

Shops:
D:6 *

Annotations:
D:8 2 transporters


Innate Abilities, Weirdness & Mutations

You have very sharp teeth.
Your uncanny sense of smell can sniff out nearby items.
Your experience applies equally to all skills.


Message History

You slash the two-headed ogre! You burn the two-headed ogre.
The two-headed ogre is severely wounded.
You barely miss the yak. You barely miss the wyvern. The wyvern bites you!
* * * LOW HITPOINT WARNING * * *
The two-headed ogre barely misses you.
The two-headed ogre hits you with a +0 giant club!
* * * LOW HITPOINT WARNING * * *
Unknown command.
You feel much better. You block the wyvern's attack. The yak gores you.
* * * LOW HITPOINT WARNING * * *
You block the wyvern's attack. You block the two-headed ogre's attack.
The two-headed ogre closely misses you.
You feel much better. The yak barely misses you.
The wyvern bites you but does no damage.
You hit the two-headed ogre but do no damage.
The two-headed ogre is heavily wounded.
You hit the yak. You burn the yak. You closely miss the wyvern.
You block the wyvern's attack. The yak gores you!
You block the two-headed ogre's attack.
The two-headed ogre hits you with a +0 giant club!
* * * LOW HITPOINT WARNING * * *
The wyvern bites you but does no damage.
Unknown command.
Aiming: Charm
Press: ? - help, Shift-Dir - straight line, f - wyvern
Aim: a wyvern (severely wounded, chance to affect: 64%)
Okay, then.
Unknown command.
Okay, then.
You feel much better. You block the yak's attack. The wyvern bites you.
The two-headed ogre hits you with a +0 giant spiked club!!
* * * LOW HITPOINT WARNING * * *
The two-headed ogre hits you with a +0 giant club!
* * * LOW HITPOINT WARNING * * *
You fade into invisibility!
The wyvern misses you. The yak barely misses you.
The wyvern bites you but does no damage.
You block the two-headed ogre's attack.
The two-headed ogre hits you with a +0 giant club!
You die...

##########.....##.#.#....
##.....#...........#.)....
##..............##....#....
#.....................##..)
#.....................))#<.
#...................##)....
#...................##.####
#..........................
#........O@Y......).#####.#
##.......l.......[..# #..
##.....#...........# ##.#
################.#####..#
#####.###...##
#...)).#..### #........##
#......### ########


You could see a two-headed ogre, a yak and a wyvern.

Vanquished Creatures
  A tengu warrior (D:8)
  Pikel (D:7)
  3 slime creatures
  Psyche (D:8)
  A troll (D:6)
  Grinder (D:5)
  A hornet (D:6)
  11 yaks
  A wyvern (D:6)
  4 vampire mosquitoes (D:8)
  Grum (D:8)
  2 steam dragons
  Duvessa (D:7)
  2 water moccasins
  3 orc warriors
  A sky beast (D:6)
  3 ice beasts
  A necrophage (D:8)
  4 wolves
  A centaur (D:8)
  2 lemures (D:7)
  A phantom (D:5)
  A kobold brigand (D:6)
  A bullfrog (D:6)
  A gnoll sergeant (D:5)
  5 scorpions
  Dowan (D:7)
  A water moccasin zombie (D:5)
  A water moccasin skeleton (D:4)
  5 killer bees (D:8)
  5 wights (D:8)
  2 bullfrog zombies (D:6)
  2 jellies
  Crazy Yiuf (D:7)
  2 centaur zombies
  4 hounds
  2 orc priests (D:8)
  A bullfrog skeleton (D:6)
  2 iguanas
  6 orc wizards
  A killer bee zombie (D:7)
  A howler monkey zombie (D:8)
  10 adders
  11 gnolls
  A river rat (D:3)
  2 shadow imps (D:6)
  2 ufetubi
  3 dart slugs
  20 orcs
  3 bats
  2 endoplasms
  3 giant cockroaches
  7 goblins
  7 hobgoblins
  10 jackals
  A quokka (D:3)
  A frilled lizard (D:3)
  13 kobolds
  6 rats
194 creatures vanquished.

Vanquished Creatures (others)
  2 fungi
  3 plants (D:9)
5 creatures vanquished.

Grand Total: 199 creatures vanquished

Notes
Turn   | Place    | Note
-------+----------+-------------------------------------------
     0 | D:1      | Renzlar the Gnoll Fighter began the quest for the Orb.
     0 | D:1      | Reached XP level 1. HP: 23/23 MP: 1/1
    54 | D:1      | Reached XP level 2. HP: 24/29 MP: 2/2
   847 | D:1      | Reached XP level 3. HP: 33/35 MP: 3/3
  1352 | D:2      | Found a shimmering blue altar of Sif Muna.
  1456 | D:2      | Found a faded altar of an unknown god.
  1464 | D:2      | Got Plato's Almanac of Stones
  1525 | D:2      | Reached skill level 1 in Invocations
  1870 | D:3      | Reached skill level 1 in Short Blades
  1870 | D:3      | Reached skill level 1 in Long Blades
  1870 | D:3      | Reached skill level 1 in Maces & Flails
  1870 | D:3      | Reached skill level 1 in Polearms
  1870 | D:3      | Reached skill level 1 in Staves
  1870 | D:3      | Reached skill level 1 in Slings
  1870 | D:3      | Reached skill level 1 in Bows
  1870 | D:3      | Reached skill level 1 in Crossbows
  1870 | D:3      | Reached skill level 1 in Throwing
  1870 | D:3      | Reached skill level 1 in Dodging
  1870 | D:3      | Reached skill level 1 in Stealth
  1870 | D:3      | Reached skill level 1 in Unarmed Combat
  1870 | D:3      | Reached skill level 1 in Spellcasting
  1870 | D:3      | Reached skill level 1 in Evocations
  1870 | D:3      | Reached XP level 4. HP: 30/41 MP: 5/5
  2275 | D:3      | Found a sacrificial altar of Ru.
  2278 | D:3      | Found a bloodstained altar of Trog.
  2282 | D:3      | Found a burning altar of Makhleb.
  2650 | D:3      | Reached skill level 1 in Conjurations
  2650 | D:3      | Reached skill level 1 in Hexes
  2650 | D:3      | Reached skill level 1 in Summonings
  2650 | D:3      | Reached skill level 1 in Necromancy
  2650 | D:3      | Reached skill level 1 in Translocations
  2650 | D:3      | Reached skill level 1 in Transmutations
  2650 | D:3      | Reached skill level 1 in Fire Magic
  2650 | D:3      | Reached skill level 1 in Ice Magic
  2650 | D:3      | Reached skill level 1 in Air Magic
  2650 | D:3      | Reached skill level 1 in Earth Magic
  2650 | D:3      | Reached skill level 1 in Poison Magic
  2886 | D:4      | Identified the +11 hunting sling of the Spectre {freeze,
                  | rC+ Str+5}
  2965 | D:4      | Reached XP level 5. HP: 47/47 MP: 6/6
  3061 | D:4      | Found a staircase to the Ecumenical Temple.
  3081 | Temple   | Entered the Ecumenical Temple
  3091 | Temple   | Became a worshipper of Warmaster Okawaru
  3310 | D:4      | Reached XP level 6. HP: 53/53 MP: 8/8
  3337 | D:4      | Noticed a yak
  3338 | D:4      | Noticed a yak
  3345 | D:4      | Killed a yak
  3346 | D:4      | Reached skill level 5 in Axes
  3356 | D:4      | Noticed a yak
  3359 | D:4      | Killed a yak
  3360 | D:4      | Reached XP level 7. HP: 60/60 MP: 10/10
  3363 | D:4      | Killed a yak
  3363 | D:4      | Reached * piety under Okawaru
  3364 | D:4      | Noticed a yak
  3365 | D:4      | Noticed a yak
  3369 | D:4      | Killed a yak
  3375 | D:4      | Killed a yak
  3376 | D:4      | Reached XP level 8. HP: 65/67 MP: 10/12
  3762 | D:5      | Entered Level 5 of the Dungeon
  3799 | D:5      | Reached ** piety under Okawaru
  3978 | D:5      | Noticed Grinder
  3995 | D:5      | Killed Grinder
  4330 | D:5      | Reached XP level 9. HP: 57/72 MP: 14/14
  4604 | D:5      | Identified the +3 leather armour "Meicuy" {Str+4 Slay+3}
  4830 | D:6      | Noticed a troll
  4852 | D:6      | Killed a troll
  4852 | D:6      | Reached *** piety under Okawaru
  4853 | D:6      | HP: 5/111 [poisoned by a scorpion]
  4856 | D:5      | HP: 2/74 [poisoned by a scorpion]
  5451 | D:6      | Found Zin's Purification Station.
  5459 | D:6      | Found a glowing silver altar of Zin.
  5463 | D:6      | Noticed a hornet
  5466 | D:6      | Killed a hornet
  5554 | D:6      | Reached skill level 5 in Invocations
  5870 | D:6      | Reached **** piety under Okawaru
  5925 | D:6      | Reached XP level 10. HP: 80/80 MP: 17/17
  6295 | D:6      | Reached skill level 5 in Short Blades
  6295 | D:6      | Reached skill level 5 in Long Blades
  6295 | D:6      | Reached skill level 5 in Maces & Flails
  6295 | D:6      | Reached skill level 5 in Polearms
  6295 | D:6      | Reached skill level 5 in Staves
  6295 | D:6      | Reached skill level 5 in Slings
  6295 | D:6      | Reached skill level 5 in Bows
  6295 | D:6      | Reached skill level 5 in Crossbows
  6295 | D:6      | Reached skill level 5 in Throwing
  6295 | D:6      | Reached skill level 5 in Dodging
  6295 | D:6      | Reached skill level 5 in Stealth
  6295 | D:6      | Reached skill level 5 in Unarmed Combat
  6295 | D:6      | Reached skill level 5 in Spellcasting
  6295 | D:6      | Reached skill level 5 in Evocations
  6857 | D:7      | Noticed Pikel
  6889 | D:7      | Killed Pikel
  6889 | D:7      | Received a gift from Okawaru
  7033 | D:7      | Reached ***** piety under Okawaru
  7038 | D:7      | Received a gift from Okawaru
  7390 | D:7      | Found an ornate altar of the Wu Jian Council.
  7399 | D:7      | Found a blossoming altar of Fedhas.
  7579 | D:7      | Noticed Duvessa
  7579 | D:7      | Noticed Dowan
  7584 | D:7      | Killed Duvessa
  7592 | D:7      | Killed Dowan
  7846 | D:7      | Found a runed translucent door.
  7847 | D:7      | Noticed Crazy Yiuf
  7852 | D:7      | Killed Crazy Yiuf
  7903 | D:8      | Noticed Grum
  7908 | D:8      | Received a gift from Okawaru
  8109 | D:8      | Killed Grum
  8206 | D:8      | Found a transporter.
  8207 | D:8      | Found a transporter.
  8209 | D:8      | Found a viscous altar of Jiyva.
  8268 | D:8      | Reached XP level 11. HP: 54/87 MP: 19/19
  8736 | D:8      | Reached skill level 5 in Conjurations
  8736 | D:8      | Reached skill level 5 in Hexes
  8736 | D:8      | Reached skill level 5 in Summonings
  8736 | D:8      | Reached skill level 5 in Necromancy
  8736 | D:8      | Reached skill level 5 in Translocations
  8736 | D:8      | Reached skill level 5 in Transmutations
  8736 | D:8      | Reached skill level 5 in Fire Magic
  8736 | D:8      | Reached skill level 5 in Ice Magic
  8736 | D:8      | Reached skill level 5 in Air Magic
  8736 | D:8      | Reached skill level 5 in Earth Magic
  8736 | D:8      | Reached skill level 5 in Poison Magic
  8844 | D:8      | Received a gift from Okawaru
  8946 | D:8      | Noticed Psyche
  8953 | D:8      | Killed Psyche
  9041 | D:8      | Noticed a tengu warrior
  9056 | D:8      | Killed a tengu warrior
  9056 | D:8      | Received a gift from Okawaru
  9310 | D:9      | Found a snail-covered altar of Cheibriados.
  9314 | D:9      | Noticed a two-headed ogre
  9424 | D:8      | Slain by a two-headed ogre

Illustrated notes

Levels and vault maps discovered:
D:1:      denvon_arrival_planthouse, layout_loops_corners
D:2:      layout_loops_cross, basic_altar, shapermc_ecumenical_altar_rom_forum,
          hangedman_abyss_or_decor_lesser_grid
D:3:      layout_basic, grunt_temple_overflow_diamond, portal_sewer_entry_b,
          dk_vineyard_2
D:4:      layout_basic, minmay_temple_entry_statues_fountains
D:5:      layout_loops_ring, uniq_grinder
D:6:      layout_rooms, zin_purify, minmay_divided_ellipse
D:7:      layout_basic, mainiacjoe_overflow_swirl, uniq_crazy_yiuf_cottage,
          uniq_pikel, uniq_duvessa
D:8:      gammafunk_jiyva_shrine, layout_rooms, uniq_psyche, uniq_grum
D:9:      layout_roguey, cheibriados_altar_1, minmay_lair_entry_grove
Temple:   nicolae_temple_no_exploring_needed

Skill      XL: |  1  2  3  4  5  6  7  8  9 10 11 |
---------------+----------------------------------+-----
Invocations    | 1 2 3 4 5 6 |  6.8
Short Blades   | 1 2 3 4 5 6 |  6.2
Long Blades    | 1 2 3 4 5 6 |  6.2
Maces & Flails | 1 2 3 4 5 6 |  6.2
Polearms       | 1 2 3 4 5 6 |  6.2
Staves         | 1 2 3 4 5 6 |  6.2
Slings         | 1 2 3 4 5 6 |  6.2
Bows           | 1 2 3 4 5 6 |  6.2
Crossbows      | 1 2 3 4 5 6 |  6.2
Throwing       | 1 2 3 4 5 6 |  6.2
Dodging        | 1 2 3 4 5 6 |  6.2
Stealth        | 1 2 3 4 5 6 |  6.2
Unarmed Combat | 1 2 3 4 5 6 |  6.2
Spellcasting   | 1 2 3 4 5 6 |  6.2
Evocations     | 1 2 3 4 5 6 |  6.2
Conjurations   | 1 2 3 4 5 |  5.1
Hexes          | 1 2 3 4 5 |  5.1
Summonings     | 1 2 3 4 5 |  5.1
Necromancy     | 1 2 3 4 5 |  5.1
Translocations | 1 2 3 4 5 |  5.1
Transmutations | 1 2 3 4 5 |  5.1
Fire Magic     | 1 2 3 4 5 |  5.1
Ice Magic      | 1 2 3 4 5 |  5.1
Air Magic      | 1 2 3 4 5 |  5.1
Earth Magic    | 1 2 3 4 5 |  5.1
Poison Magic   | 1 2 3 4 5 |  5.1
Axes           | 5 6 7 |  7.8
Fighting       | 7 8 9 |  9.1
Armour         | 7 8 9 |  9.1
Shields        | 7 8 9 |  9.1

Action                   |  1- 3 |  4- 6 |  7- 9 | 10-12 || total
-------------------------+-------+-------+-------+-------++-------
Melee: War axe           |    91 |    60 |    53 |    23 ||   227
       Bite              |     4 |     2 |    10 |     1 ||    17
 Fire: Hunting sling     |       |    23 |   125 |   254 ||   402
Invok: Heroism           |       |       |     1 |     1 ||     2
Evoke: Wand              |       |       |     1 |       ||     1
  Use: Scroll            |     4 |     5 |     1 |     9 ||    19
       Potion            |       |       |     1 |     5 ||     6
Armor: Scale mail        |    16 |       |       |       ||    16
       Plate armour      |    40 |    23 |       |       ||    63
       Chain mail        |       |     2 |    35 |    68 ||   105
Dodge: Dodged            |    16 |     8 |    36 |    54 ||   114
Block: Kite shield       |    54 |    39 |    49 |   112 ||   254
